General information
- name: BNet
- type: Ladder team game (AT/RT)
- host: Battle.net
- saver: TOWER_MAESTRO
map: GoldRush
- players: 8
- length: 45:20
- speed: Fast
- version: 1.23 W3XP
- replay type: Public
» download(247 KB)
Players
team 1 (loser)
123k (
pink | 21 APM | 939 actions | 45:19)
10 Crypt Lord
3 Impale
3 Spiked Carapace
1 Locust Swarm
3 Carrion Beetles
» actions
| Basic commands | 112 | |
| Build / train | 113 | |
| Enter build submenu | 28 | |
| Enter hero's abilities submenu | 10 | |
| Give item / drop item | 2 | |
| Right click | 251 | |
| Select / deselect | 359 | |
| Use ability | 64 | |
939 total
» units
| Acolyte | 24 | |
| Ghoul | 4 | |
| Crypt Fiend | 6 | |
| Forest Troll Shadow Priest | 1 | |
| Frost Wyrm | 19 | |
| Gargoyle | 1 | |
| Meatwagon | 23 | |
| Obsidian Statue | 5 | |
83 total
» upgrades
| Creature Attack | 3 | |
| Creature Carapace | 3 | |
| Web | 1 | |
| Freezing Breath | 1 | |
| Destroyer Form | 1 | |
9 total
» buildings
| Altar of Darkness | 1 | |
| Ziggurat | 9 | |
| Crypt | 1 | |
| Tomb of Relics | 1 | |
| Graveyard | 1 | |
| Nerubian Tower | 2 | |
| Halls of the Dead | 1 | |
| Sacrificial Pit | 1 | |
| Black Citadel | 1 | |
| Boneyard | 3 | |
| Slaughterhouse | 3 | |
24 total
» build order
00:10 Altar of Darkness
00:22 Ziggurat
00:39 Crypt
01:08 Ziggurat
01:17 Tomb of Relics
01:52 Graveyard
02:47 Nerubian Tower
03:14 Nerubian Tower
04:09 Halls of the Dead
05:27 Ziggurat
06:07 Ziggurat
07:14 Sacrificial Pit
07:21 Ziggurat
07:40 Black Citadel
09:25 Ziggurat
10:03 Boneyard
10:09 Boneyard
10:15 Boneyard
11:06 Ziggurat
11:12 Ziggurat
11:15 Ziggurat
31:10 Slaughterhouse
31:18 Slaughterhouse
31:27 Slaughterhouse
» items
| Rod of Necromancy | 1 | |
| Potion of Healing | 4 | |
| Orb of Venom | 1 | |
6 total
atreau (
orange | 52 APM | 2359 actions | 45:19)
9 Death Knight
3 Death Coil
3 Unholy Aura
1 Animate Dead
2 Death Pact
» actions
| Assign group hotkey | 39 | |
| Basic commands | 179 | |
| Build / train | 105 | |
| ESC pressed | 3 | |
| Enter build submenu | 34 | |
| Enter hero's abilities submenu | 9 | |
| Remove unit from queue | 2 | |
| Right click | 416 | |
| Select / deselect | 512 | |
| Select group hotkey | 997 | |
| Use ability | 63 | |
2359 total
» units
| Acolyte | 8 | |
| Ghoul | 4 | |
| Crypt Fiend | 14 | |
| Obsidian Statue | 3 | |
| Frost Wyrm | 16 | |
| Meatwagon | 17 | |
62 total
» upgrades
| Creature Attack | 3 | |
| Web | 1 | |
| Ghoul Frenzy | 1 | |
| Freezing Breath | 1 | |
| Creature Carapace | 3 | |
| Backpack | 1 | |
| Burrow | 1 | |
| Unholy Armor | 3 | |
| Unholy Strength | 3 | |
| Destroyer Form | 1 | |
| Exhume Corpses | 1 | |
| Disease Cloud | 1 | |
| Cannibalize | 1 | |
| Stone Form | 1 | |
22 total
» buildings
| Altar of Darkness | 1 | |
| Ziggurat | 9 | |
| Graveyard | 1 | |
| Crypt | 2 | |
| Halls of the Dead | 2 | |
| Tomb of Relics | 1 | |
| Nerubian Tower | 2 | |
| Spirit Tower | 4 | |
| Black Citadel | 1 | |
| Slaughterhouse | 1 | |
| Sacrificial Pit | 1 | |
| Boneyard | 3 | |
| Necropolis | 2 | |
| Temple of the Damned | 1 | |
31 total
» build order
00:12 Altar of Darkness
00:17 Ziggurat
00:46 Graveyard
01:08 Crypt
01:32 Crypt
01:50 Ziggurat
03:56 Ziggurat
06:10 Ziggurat
07:08 Halls of the Dead
07:28 Ziggurat
07:30 Ziggurat
08:05 Ziggurat
08:12 Tomb of Relics
09:03 Nerubian Tower
09:05 Spirit Tower
09:06 Spirit Tower
10:07 Black Citadel
11:01 Slaughterhouse
11:46 Sacrificial Pit
12:52 Ziggurat
13:52 Boneyard
14:11 Boneyard
14:43 Boneyard
15:19 Ziggurat
27:33 Spirit Tower
27:34 Nerubian Tower
27:36 Spirit Tower
33:56 Necropolis
35:43 Halls of the Dead
43:21 Necropolis
44:59 Temple of the Damned
aZ.sAiTyy (
green | 67 APM | 3046 actions | 45:19)
9 Demon Hunter
3 Immolation
3 Evasion
2 Mana Burn
1 Metamorphosis
6 Keeper of the Grove
2 Entangling Roots
3 Force of Nature
1 Tranquility
2 Warden
1 Shadow Strike
1 Blink
» actions
| Assign group hotkey | 94 | |
| Basic commands | 339 | |
| Build / train | 124 | |
| ESC pressed | 3 | |
| Enter build submenu | 25 | |
| Enter hero's abilities submenu | 17 | |
| Remove unit from queue | 1 | |
| Right click | 771 | |
| Select / deselect | 629 | |
| Select group hotkey | 866 | |
| Use ability | 177 | |
3046 total
» units
| Wisp | 25 | |
| Archer | 2 | |
| Huntress | 4 | |
| Dryad | 11 | |
| Mountain Giant | 12 | |
| Druid of the Claw | 15 | |
| Glaive Thrower | 7 | |
76 total
» upgrades
| Sentinel | 1 | |
| Abolish Magic | 1 | |
| Druid of the Claw Training | 2 | |
| Resistant Skin | 1 | |
| Hardened Skin | 1 | |
| Mark of the Claw | 1 | |
| Upgrade Moon Glaive | 1 | |
| Strength of the Wild | 2 | |
| Reinforced Hides | 3 | |
| Strength of the Moon | 1 | |
| Moon Armor | 1 | |
| Marksmanship | 1 | |
| Improved Bows | 1 | |
| Ultravision | 1 | |
| Vorpal Blades | 1 | |
| Nature's Blessing | 1 | |
20 total
» buildings
| Altar of Elders | 1 | |
| Moon Well | 8 | |
| Ancient of War | 2 | |
| Hunter's Hall | 1 | |
| Tree of Ages | 2 | |
| Ancient of Wonders | 1 | |
| Ancient Protector | 5 | |
| Ancient of Lore | 2 | |
| Tree of Life | 4 | |
| Tree of Eternity | 1 | |
27 total
» build order
00:09 Altar of Elders
00:21 Moon Well
01:30 Ancient of War
01:53 Moon Well
02:21 Hunter's Hall
02:51 Ancient of War
03:18 Moon Well
03:35 Tree of Ages
03:36 Tree of Ages
04:20 Ancient of Wonders
05:27 Ancient Protector
05:32 Moon Well
07:02 Ancient of Lore
07:05 Ancient of Lore
07:36 Moon Well
07:41 Ancient Protector
08:32 Moon Well
08:55 Tree of Life
09:54 Moon Well
10:47 Tree of Eternity
14:11 Moon Well
15:36 Tree of Life
34:38 Tree of Life
36:08 Ancient Protector
36:15 Ancient Protector
36:42 Ancient Protector
40:18 Tree of Life
Cimmerian (
purple | 19 APM | 849 actions | 45:19)
6 Mountain King
3 Storm Bolt
2 Thunder Clap
1 Avatar
» actions
| Build / train | 134 | |
| Enter build submenu | 23 | |
| Enter hero's abilities submenu | 6 | |
| Give item / drop item | 2 | |
| Right click | 305 | |
| Select / deselect | 346 | |
| Use ability | 33 | |
849 total
» units
| Peasant | 19 | |
| Footman | 2 | |
| Rifleman | 15 | |
| Mortar Team | 47 | |
| Siege Engine | 35 | |
118 total
» upgrades
| Gunpowder | 1 | |
| Armor | 1 | |
| Lumber Harvesting | 1 | |
3 total
» buildings
| Altar of Kings | 1 | |
| Barracks | 1 | |
| Farm | 11 | |
| Blacksmith | 1 | |
| Keep | 1 | |
| Town Hall | 3 | |
| Workshop | 3 | |
| Arcane Vault | 1 | |
| Castle | 1 | |
| Lumber Mill | 1 | |
24 total
» build order
00:12 Altar of Kings
00:15 Barracks
00:30 Farm
00:44 Farm
02:15 Blacksmith
02:52 Farm
04:08 Keep
06:03 Town Hall
06:15 Farm
06:18 Farm
07:17 Workshop
08:05 Arcane Vault
10:48 Castle
10:54 Workshop
11:07 Farm
11:55 Town Hall
13:20 Farm
16:36 Farm
16:54 Farm
17:22 Farm
22:44 Workshop
24:11 Farm
28:51 Lumber Mill
29:49 Town Hall
» items
| Potion of Healing | 3 | |
| Potion of Mana | 1 | |
4 total
team 2 (winner)
TOWER_MAESTRO (
yellow | 69 APM | 3110 actions | 45:20)
4 Blood Mage
2 Flame Strike
2 Siphon Mana
» actions
| Assign group hotkey | 5 | |
| Basic commands | 6 | |
| Build / train | 237 | |
| Enter build submenu | 250 | |
| Enter hero's abilities submenu | 4 | |
| Remove unit from queue | 2 | |
| Right click | 1103 | |
| Select / deselect | 851 | |
| Select group hotkey | 360 | |
| Use ability | 290 | |
3110 total
» units
» upgrades
| Masonry | 3 | |
| Lumber Harvesting | 2 | |
5 total
» buildings
| Altar of Kings | 3 | |
| Farm | 10 | |
| Lumber Mill | 5 | |
| Scout Tower | 221 | |
| Guard Tower | 170 | |
| Arcane Tower | 1 | |
| Keep | 4 | |
| Town Hall | 3 | |
| Castle | 1 | |
| Arcane Vault | 1 | |
| Gryphon Aviary | 2 | |
| Necropolis | 2 | |
423 total
» build order
00:09 Altar of Kings
00:42 Farm
00:59 Farm
01:03 Farm
01:34 Lumber Mill
01:48 Farm
01:51 Farm
02:30 Scout Tower
02:34 Scout Tower
02:36 Scout Tower
02:59 Guard Tower
03:06 Scout Tower
03:22 Guard Tower
03:25 Arcane Tower
03:44 Guard Tower
03:49 Keep
03:50 Keep
03:50 Keep
04:21 Scout Tower
04:28 Scout Tower
05:00 Town Hall
05:06 Guard Tower
05:22 Scout Tower
05:24 Scout Tower
05:26 Scout Tower
05:31 Scout Tower
05:39 Guard Tower
05:55 Guard Tower
06:03 Scout Tower
06:04 Scout Tower
06:06 Scout Tower
06:08 Scout Tower
06:25 Lumber Mill
06:32 Guard Tower
06:44 Scout Tower
06:46 Scout Tower
06:51 Guard Tower
06:54 Scout Tower
07:06 Scout Tower
07:19 Guard Tower
07:38 Scout Tower
07:44 Scout Tower
07:44 Guard Tower
07:47 Scout Tower
07:48 Guard Tower
08:01 Lumber Mill
08:07 Scout Tower
08:10 Scout Tower
08:10 Guard Tower
08:23 Scout Tower
08:23 Guard Tower
08:24 Scout Tower
08:24 Guard Tower
08:35 Scout Tower
08:35 Guard Tower
08:38 Castle
08:39 Guard Tower
08:40 Guard Tower
08:42 Scout Tower
08:44 Scout Tower
09:01 Scout Tower
09:01 Guard Tower
09:02 Guard Tower
09:03 Guard Tower
09:11 Scout Tower
09:13 Scout Tower
09:15 Guard Tower
09:25 Scout Tower
09:26 Guard Tower
09:26 Guard Tower
09:32 Scout Tower
09:32 Guard Tower
09:41 Guard Tower
09:43 Scout Tower
09:44 Scout Tower
09:47 Scout Tower
09:47 Guard Tower
10:01 Scout Tower
10:02 Scout Tower
10:04 Scout Tower
10:05 Scout Tower
10:06 Scout Tower
10:07 Guard Tower
10:12 Scout Tower
10:13 Scout Tower
10:16 Scout Tower
10:17 Guard Tower
10:24 Scout Tower
10:24 Scout Tower
10:27 Guard Tower
10:36 Guard Tower
10:37 Scout Tower
10:41 Guard Tower
10:43 Guard Tower
10:44 Guard Tower
10:46 Scout Tower
10:47 Scout Tower
10:48 Scout Tower
10:49 Guard Tower
10:50 Guard Tower
10:59 Scout Tower
11:01 Guard Tower
11:05 Guard Tower
11:06 Scout Tower
11:07 Guard Tower
11:13 Guard Tower
11:18 Scout Tower
11:18 Guard Tower
11:21 Scout Tower
11:21 Guard Tower
11:22 Scout Tower
11:23 Guard Tower
11:25 Scout Tower
11:26 Guard Tower
11:36 Scout Tower
11:38 Guard Tower
11:40 Guard Tower
11:47 Scout Tower
11:47 Guard Tower
11:57 Scout Tower
11:58 Scout Tower
11:59 Guard Tower
12:00 Guard Tower
12:01 Scout Tower
12:03 Guard Tower
12:05 Scout Tower
12:05 Guard Tower
12:17 Scout Tower
12:18 Guard Tower
12:31 Lumber Mill
12:32 Guard Tower
12:34 Scout Tower
12:35 Guard Tower
12:36 Scout Tower
12:38 Scout Tower
12:38 Guard Tower
12:41 Scout Tower
12:42 Guard Tower
12:47 Scout Tower
12:48 Guard Tower
13:09 Scout Tower
13:09 Guard Tower
13:10 Guard Tower
13:12 Scout Tower
13:14 Scout Tower
13:14 Guard Tower
13:17 Scout Tower
13:19 Guard Tower
13:24 Scout Tower
13:28 Guard Tower
13:28 Guard Tower
13:38 Scout Tower
13:43 Scout Tower
13:43 Guard Tower
13:44 Guard Tower
13:49 Guard Tower
13:50 Scout Tower
13:55 Guard Tower
13:57 Scout Tower
13:59 Guard Tower
14:00 Scout Tower
14:06 Guard Tower
14:08 Scout Tower
14:09 Guard Tower
14:12 Scout Tower
14:24 Lumber Mill
14:26 Guard Tower
14:28 Scout Tower
14:29 Scout Tower
14:31 Scout Tower
14:32 Scout Tower
14:32 Guard Tower
14:40 Scout Tower
14:41 Guard Tower
14:43 Scout Tower
15:00 Scout Tower
15:00 Guard Tower
15:02 Scout Tower
15:03 Guard Tower
15:09 Scout Tower
15:10 Guard Tower
15:13 Scout Tower
15:14 Guard Tower
15:17 Guard Tower
15:33 Farm
15:34 Farm
15:35 Farm
15:36 Farm
15:38 Scout Tower
15:38 Guard Tower
15:41 Scout Tower
15:41 Guard Tower
15:43 Scout Tower
15:43 Guard Tower
15:58 Scout Tower
15:59 Scout Tower
16:00 Scout Tower
16:00 Scout Tower
16:02 Scout Tower
16:02 Scout Tower
16:08 Scout Tower
16:09 Guard Tower
16:10 Scout Tower
16:11 Guard Tower
16:14 Scout Tower
16:15 Guard Tower
16:30 Guard Tower
16:37 Scout Tower
16:38 Guard Tower
16:40 Guard Tower
16:40 Scout Tower
16:57 Guard Tower
17:05 Guard Tower
17:07 Scout Tower
17:08 Scout Tower
17:09 Guard Tower
17:10 Scout Tower
17:10 Guard Tower
17:13 Guard Tower
17:15 Scout Tower
17:17 Scout Tower
17:31 Guard Tower
17:32 Scout Tower
17:34 Scout Tower
17:35 Guard Tower
17:37 Scout Tower
17:37 Guard Tower
17:38 Guard Tower
17:39 Scout Tower
17:41 Scout Tower
17:43 Scout Tower
17:49 Guard Tower
17:49 Scout Tower
17:50 Scout Tower
18:06 Guard Tower
18:07 Guard Tower
18:08 Scout Tower
18:10 Scout Tower
18:12 Scout Tower
18:13 Guard Tower
18:16 Scout Tower
18:17 Guard Tower
18:17 Guard Tower
18:18 Scout Tower
18:20 Scout Tower
18:22 Scout Tower
18:23 Guard Tower
18:25 Scout Tower
18:26 Guard Tower
18:27 Scout Tower
18:34 Scout Tower
18:46 Guard Tower
18:48 Scout Tower
18:48 Scout Tower
18:50 Scout Tower
18:50 Guard Tower
18:51 Guard Tower
19:02 Scout Tower
19:03 Guard Tower
19:05 Scout Tower
19:05 Guard Tower
19:06 Scout Tower
19:08 Scout Tower
19:08 Guard Tower
19:16 Scout Tower
19:20 Scout Tower
19:20 Guard Tower
19:22 Scout Tower
19:22 Guard Tower
19:35 Guard Tower
19:38 Scout Tower
19:39 Scout Tower
19:40 Guard Tower
19:41 Scout Tower
19:42 Guard Tower
19:49 Guard Tower
19:50 Scout Tower
19:51 Guard Tower
19:52 Scout Tower
20:13 Guard Tower
20:14 Scout Tower
20:16 Scout Tower
20:18 Scout Tower
20:18 Guard Tower
20:21 Scout Tower
20:29 Guard Tower
20:56 Guard Tower
20:59 Guard Tower
21:05 Scout Tower
21:07 Scout Tower
21:08 Scout Tower
21:10 Scout Tower
21:10 Guard Tower
21:11 Guard Tower
21:29 Guard Tower
21:37 Scout Tower
21:37 Guard Tower
21:39 Guard Tower
21:42 Scout Tower
21:43 Guard Tower
21:53 Arcane Vault
21:58 Town Hall
22:10 Scout Tower
22:11 Guard Tower
22:17 Scout Tower
22:17 Guard Tower
22:44 Guard Tower
22:48 Guard Tower
22:48 Scout Tower
23:16 Scout Tower
23:21 Scout Tower
23:22 Guard Tower
23:28 Scout Tower
23:47 Scout Tower
23:59 Guard Tower
24:00 Scout Tower
24:03 Scout Tower
24:04 Scout Tower
24:06 Scout Tower
24:07 Scout Tower
24:17 Guard Tower
24:20 Guard Tower
24:32 Scout Tower
24:33 Guard Tower
24:36 Guard Tower
24:40 Guard Tower
24:45 Town Hall
25:04 Guard Tower
25:07 Scout Tower
25:45 Guard Tower
25:47 Scout Tower
26:20 Guard Tower
26:24 Scout Tower
26:28 Scout Tower
26:30 Scout Tower
26:55 Guard Tower
26:56 Scout Tower
26:57 Guard Tower
29:13 Scout Tower
29:15 Scout Tower
29:42 Guard Tower
30:20 Scout Tower
30:20 Guard Tower
30:51 Guard Tower
31:00 Scout Tower
31:20 Scout Tower
31:31 Guard Tower
31:56 Scout Tower
31:59 Guard Tower
31:59 Guard Tower
32:33 Scout Tower
32:34 Guard Tower
32:34 Guard Tower
33:02 Guard Tower
33:03 Scout Tower
33:20 Scout Tower
33:20 Scout Tower
33:20 Scout Tower
33:21 Scout Tower
33:33 Scout Tower
33:33 Scout Tower
33:35 Scout Tower
33:35 Scout Tower
33:36 Scout Tower
33:36 Scout Tower
33:38 Guard Tower
33:40 Scout Tower
33:43 Scout Tower
33:45 Scout Tower
33:55 Scout Tower
34:01 Guard Tower
34:03 Guard Tower
34:04 Scout Tower
34:05 Scout Tower
34:07 Scout Tower
34:07 Scout Tower
34:08 Scout Tower
34:09 Scout Tower
34:10 Scout Tower
34:12 Guard Tower
34:14 Scout Tower
34:18 Scout Tower
34:19 Guard Tower
34:33 Gryphon Aviary
34:36 Gryphon Aviary
34:40 Keep
34:41 Guard Tower
34:52 Guard Tower
34:59 Guard Tower
35:24 Guard Tower
35:52 Guard Tower
36:06 Guard Tower
36:07 Guard Tower
36:36 Scout Tower
36:37 Scout Tower
36:37 Scout Tower
36:37 Scout Tower
36:37 Scout Tower
36:38 Scout Tower
36:44 Scout Tower
36:46 Scout Tower
36:48 Scout Tower
36:52 Scout Tower
36:54 Scout Tower
36:58 Scout Tower
37:00 Scout Tower
37:06 Guard Tower
37:07 Altar of Kings
37:08 Guard Tower
37:15 Farm
37:32 Guard Tower
38:28 Guard Tower
38:56 Altar of Kings
43:26 Necropolis
44:24 Necropolis
Miles49 (
teal | 35 APM | 1604 actions | 45:12)
7 Blademaster
2 Mirror Image
1 Critical Strike
3 Wind Walk
1 Bladestorm
2 Firelord
1 Incinerate
1 Summon Lava Spawn
» actions
| Assign group hotkey | 21 | |
| Basic commands | 55 | |
| Build / train | 76 | |
| Enter build submenu | 35 | |
| Enter hero's abilities submenu | 10 | |
| Give item / drop item | 9 | |
| Remove unit from queue | 4 | |
| Right click | 756 | |
| Select / deselect | 279 | |
| Select group hotkey | 245 | |
| Use ability | 111 | |
1604 total
» units
» upgrades
| Pillage | 1 | |
| Armor | 3 | |
| Melee Weapons | 2 | |
| Spiked Barricades | 2 | |
| Backpack | 1 | |
| Berserker Strength | 1 | |
| Reinforced Defenses | 1 | |
11 total
» buildings
| Altar of Storms | 3 | |
| Orc Burrow | 13 | |
| Barracks | 1 | |
| Voodoo Lounge | 3 | |
| War Mill | 5 | |
| Stronghold | 1 | |
| Great Hall | 3 | |
| Watch Tower | 28 | |
| Fortress | 1 | |
| Spirit Lodge | 1 | |
| Beastiary | 1 | |
| Tomb of Relics | 1 | |
| Halls of the Dead | 1 | |
| Altar of Darkness | 1 | |
| Black Citadel | 1 | |
64 total
» build order
00:09 Altar of Storms
00:12 Orc Burrow
00:29 Barracks
01:30 Voodoo Lounge
02:15 Orc Burrow
02:46 Orc Burrow
02:48 Orc Burrow
03:47 War Mill
04:38 Stronghold
05:48 Great Hall
09:05 Great Hall
10:18 Watch Tower
10:19 Watch Tower
10:20 Watch Tower
10:21 Watch Tower
10:22 Watch Tower
10:23 Watch Tower
10:24 Watch Tower
10:35 Watch Tower
10:36 Watch Tower
10:37 Watch Tower
10:39 Watch Tower
10:40 Watch Tower
10:41 Watch Tower
10:42 Watch Tower
11:18 Fortress
11:35 Orc Burrow
11:39 Orc Burrow
14:24 Spirit Lodge
15:01 Watch Tower
15:01 Watch Tower
15:04 Watch Tower
15:06 Watch Tower
15:10 Watch Tower
15:12 Watch Tower
16:18 Beastiary
17:45 Altar of Storms
17:53 Orc Burrow
17:54 Orc Burrow
17:56 War Mill
18:57 Voodoo Lounge
19:08 Orc Burrow
19:16 War Mill
21:07 Orc Burrow
21:10 War Mill
21:14 Stronghold
22:28 Altar of Storms
22:36 Orc Burrow
22:36 Orc Burrow
22:41 Voodoo Lounge
22:45 Watch Tower
22:46 Watch Tower
22:47 Watch Tower
22:49 Watch Tower
22:50 Watch Tower
22:51 Watch Tower
22:52 Watch Tower
22:54 Watch Tower
26:06 Tomb of Relics
26:15 Halls of the Dead
28:51 Altar of Darkness
30:05 Black Citadel
31:59 Orc Burrow
33:02 Great Hall
37:06 War Mill
» items
| Healing Salve | 2 | |
| Orb of Lightning | 1 | |
| Potion of Healing | 6 | |
| Potion of Mana | 2 | |
| Orb of Fire | 1 | |
| Orb of Corruption | 1 | |
13 total
Babmi (
red | 22 APM | 434 actions | 19:24)
2 Archmage
1 Summon Water Elemental
1 Blizzard
» actions
| Basic commands | 53 | |
| Build / train | 75 | |
| Enter build submenu | 21 | |
| Enter hero's abilities submenu | 2 | |
| Right click | 15 | |
| Select / deselect | 168 | |
| Use ability | 99 | |
434 total
» units
| Peasant | 14 | |
| Rifleman | 8 | |
| Priest | 4 | |
| Sorceress | 4 | |
| Mortar Team | 6 | |
| Siege Engine | 2 | |
38 total
» upgrades
| Armor | 3 | |
| Gunpowder | 3 | |
| Lumber Harvesting | 2 | |
| Masonry | 3 | |
| Long Rifles | 1 | |
| Priest Training | 1 | |
| Sorceress Training | 1 | |
| Barrage | 1 | |
15 total
» buildings
| Barracks | 2 | |
| Farm | 8 | |
| Altar of Kings | 1 | |
| Lumber Mill | 2 | |
| Scout Tower | 20 | |
| Blacksmith | 1 | |
| Guard Tower | 17 | |
| Keep | 1 | |
| Workshop | 1 | |
| Arcane Sanctum | 1 | |
| Town Hall | 1 | |
| Castle | 1 | |
56 total
» build order
00:20 Barracks
00:25 Farm
00:37 Altar of Kings
01:08 Lumber Mill
01:31 Farm
01:34 Farm
01:36 Farm
02:18 Scout Tower
02:20 Scout Tower
02:22 Scout Tower
02:27 Scout Tower
02:33 Scout Tower
02:53 Blacksmith
02:59 Guard Tower
03:20 Barracks
03:34 Guard Tower
03:52 Guard Tower
04:03 Scout Tower
04:24 Guard Tower
04:40 Farm
04:41 Farm
04:44 Farm
04:47 Farm
04:59 Guard Tower
05:21 Scout Tower
05:24 Scout Tower
05:26 Scout Tower
06:19 Guard Tower
06:42 Guard Tower
06:52 Keep
07:02 Guard Tower
09:43 Workshop
09:52 Arcane Sanctum
10:59 Lumber Mill
11:44 Town Hall
11:52 Scout Tower
11:53 Scout Tower
11:54 Scout Tower
11:56 Scout Tower
11:57 Scout Tower
11:59 Scout Tower
12:34 Guard Tower
13:29 Guard Tower
13:35 Scout Tower
13:37 Scout Tower
15:01 Guard Tower
15:03 Guard Tower
15:31 Scout Tower
15:37 Scout Tower
15:40 Scout Tower
15:46 Castle
15:52 Guard Tower
15:55 Guard Tower
16:23 Guard Tower
18:04 Guard Tower
18:06 Guard Tower
Rex619 (
blue | 32 APM | 775 actions | 23:51)
4 Dreadlord
2 Carrion Swarm
2 Vampiric Aura
» actions
| Basic commands | 36 | |
| Build / train | 57 | |
| Enter build submenu | 30 | |
| Enter hero's abilities submenu | 4 | |
| Right click | 355 | |
| Select / deselect | 250 | |
| Use ability | 43 | |
775 total
» units
| Acolyte | 4 | |
| Ghoul | 7 | |
| Crypt Fiend | 11 | |
| Gargoyle | 6 | |
| Frost Wyrm | 12 | |
40 total
» upgrades
| Creature Attack | 2 | |
| Creature Carapace | 2 | |
| Freezing Breath | 1 | |
5 total
» buildings
| Altar of Darkness | 1 | |
| Ziggurat | 24 | |
| Crypt | 2 | |
| Graveyard | 1 | |
| Tomb of Relics | 1 | |
| Nerubian Tower | 1 | |
| Spirit Tower | 4 | |
| Halls of the Dead | 1 | |
| Black Citadel | 1 | |
| Sacrificial Pit | 1 | |
| Boneyard | 2 | |
| Necropolis | 2 | |
41 total
» build order
00:14 Altar of Darkness
00:22 Ziggurat
00:54 Crypt
01:17 Ziggurat
01:42 Graveyard
01:47 Tomb of Relics
03:01 Ziggurat
03:41 Nerubian Tower
03:59 Spirit Tower
04:30 Spirit Tower
05:30 Crypt
05:36 Ziggurat
05:39 Ziggurat
06:44 Spirit Tower
07:19 Halls of the Dead
10:15 Black Citadel
10:29 Ziggurat
10:33 Ziggurat
10:34 Ziggurat
10:35 Ziggurat
10:41 Ziggurat
10:43 Ziggurat
10:46 Ziggurat
11:57 Spirit Tower
12:04 Sacrificial Pit
13:35 Boneyard
13:37 Boneyard
15:00 Necropolis
16:57 Ziggurat
16:57 Ziggurat
16:58 Ziggurat
16:59 Ziggurat
20:37 Necropolis
23:18 Ziggurat
23:19 Ziggurat
23:19 Ziggurat
23:21 Ziggurat
23:21 Ziggurat
Chat log
(00:32 / Allies) Rex619: rush
(00:33 / Allies) Rex619: rush
(00:39 / Allies) Babmi: cc
(00:39 / Allies) Miles49: ok
(00:44 / Allies) Miles49: rush or cc?
(04:38 / Allies) Rex619: teal
(04:46 / Allies) Miles49: 1 sec
(05:31 / Allies) Miles49: omw
(05:55 / Allies) Miles49: blue
(07:16 / Allies) Rex619: ill trade some1 300 wood for 300 gold
(07:23 / Allies) TOWER_MAESTRO: k
(07:35 / Allies) Rex619: hahhahahhaa
(07:38 / Allies) Rex619: wat are u doing
(07:41 / Allies) TOWER_MAESTRO: towering
(07:43 / Allies) Rex619: its gold
(07:55 / Allies) Miles49: lol
(07:59 / Allies) Miles49: sry
(08:04 / Allies) Rex619: dude y would u do that
(08:05 / Allies) Miles49: forget about him
(08:50 / Allies) Rex619: lol
(08:54 / Allies) Rex619: wow
(10:49 / Allies) Miles49: can i have some wood?
(10:57 / Allies) Rex619: for gold
(11:04 / Allies) Rex619: give me 400 gold
(11:05 / Allies) Miles49: np
(11:13 / Allies) Rex619: ty
(11:18 / Allies) Rex619: wow
(11:18 / Allies) Rex619: wtf
(11:21 / Allies) Rex619: are u doing
(11:26 / Allies) Miles49: let him do it
(11:31 / Allies) Rex619: why
(11:36 / Allies) Rex619: its for noobs
(11:43 / Allies) Miles49: we can still win
(13:18 / Allies) Rex619: wow
(13:51 / Allies) Rex619: im getting frost wyrm to
(14:12 / Allies) Miles49: wood for gold blue?
(14:17 / Allies) Rex619: lol stuck
(14:20 / Allies) Rex619: kk
(14:29 / Allies) Rex619: wait
(14:30 / Allies) Rex619: nvm
(14:34 / Allies) Miles49: lol
(14:36 / Allies) Miles49: keep the gold
(15:02 / All) 123k: ooeoeoeoe
(15:10 / Allies) Rex619: fuck now i need gold
(15:17 / Allies) Rex619: wow
(15:19 / Allies) Rex619: that bitch
(15:30 / Allies) Rex619: to much man
(15:46 / Allies) Miles49: i need wood
(15:47 / Allies) Miles49: anyone?
(15:57 / Allies) Rex619: wow
(15:58 / Allies) Rex619: lol
(16:28 / Allies) Rex619: wow
(16:29 / Allies) Rex619: its gg
(16:32 / All) 123k: leave noobs
(17:05 / All) 123k: easy
(17:13 / Allies) Rex619: i wounder when they get to yellow
(17:38 / All) 123k: ahahahahaha
(17:46 / All) atreau: gg
(18:01 / All) 123k: mega noobs
(18:09 / All) Miles49: 3v4
(18:13 / All) Rex619: lol not when u get to yellow
(18:27 / Allies) Miles49: they have freeze dude
(18:30 / Allies) Miles49: yellow is useless
(18:32 / Allies) Rex619: lol
(18:36 / All) 123k: leave noobs
(19:53 / All) 123k: mega tower noobs
(20:40 / All) atreau: fucker
(20:45 / Allies) TOWER_MAESTRO: teal share gold
(20:45 / All) Miles49: :)
(21:01 / Allies) TOWER_MAESTRO: thx
(21:36 / All) Cimmerian: ready for round two blue
(21:37 / Allies) Miles49: yellow
(21:43 / Allies) Miles49: build a shop?
(21:51 / Allies) Miles49: plz
(22:00 / All) Rex619: wow lol
(22:13 / All) Miles49: you're amazing purp
(23:46 / Allies) Miles49: yellow
(23:51 / Allies) Miles49: fill the map or something?
(23:56 / Allies) TOWER_MAESTRO: the plan is to build enough towers, then alt tab till they leave
(27:50 / All) 123k: easy lol
(30:29 / All) Cimmerian: good bye yellow
(31:51 / All) 123k: leave lol
(31:53 / All) TOWER_MAESTRO: no
(32:16 / All) 123k: mega lol
(32:44 / Allies) Miles49: start more towers here?
(41:33 / All) 123k: and noob?
(43:41 / Allies) TOWER_MAESTRO: lkl
(43:43 / Allies) TOWER_MAESTRO: lol
(43:53 / Allies) Miles49: gold plz?
(44:02 / Allies) Miles49: i need my bm
(44:11 / Allies) Miles49: fuck!
(44:17 / All) atreau: gg
(45:10 / All) TOWER_MAESTRO: lol
(45:11 / All) TOWER_MAESTRO: gg